 Dungeon Crawl Stone Soup version 0.29-a0-284-gf9362112df (webtiles) character file.

Game seed: 13541644997161810432

116 Dvallin the Bolt Thrower (level 5, -2/38 HPs)
             Began as a Formicid Hunter on Mar 16, 2022.
             Slain by a gnoll
             ... wielding a +0 flail
              (3 damage)
             ... on level 2 of the Dungeon.
             The game lasted 00:05:00 (2467 turns).

Dvallin the Bolt Thrower (Formicid Hunter)          Turns: 2467, Time: 00:05:01

Health: -2/38      AC:  6    Str: 18    XL:     5   Next: 21%
Magic:  5/5        EV: 11    Int:  8    God:
Gold:   83         SH:  0    Dex: 14    Spells: 4/4 levels left

rFire   . . .      SeeInvis +   a - +1 hand crossbow
rCold   . . .      Faith    .   (no shield)
rNeg    . . .      Spirit   .   d - +0 ring mail
rPois   .          Reflect  .   (helmet unavailable)
rElec   .          Harm     .   (no cloak)
rCorr   .          Rampage  .   (no gloves)
Will    .....                   l - +0 pair of boots
Stlth   +.........              (no amulet)
HPRegen 0.12/turn               (no ring)
MPRegen 0.09/turn               (no ring)

@: no status effects
A: permanent stasis, dig shafts and tunnels, antennae 3, four strong arms
a: Dig, Shaft Self


You were on level 2 of the Dungeon.
You visited 1 branch of the dungeon, and saw 3 of its levels.

You collected 83 gold pieces.

Inventory:

Hand Weapons
 a - a +1 hand crossbow (weapon)
Armour
 b - a +0 leather armour
 d - a +0 ring mail (worn)
 l - a +0 pair of boots (worn)
Scrolls
 c - 2 scrolls of immolation
 g - a scroll of teleportation
Potions
 e - a potion of degeneration
 h - 2 potions of might {unknown}
 i - a potion of attraction
 j - a potion of heal wounds {unknown}
 k - a potion of brilliance
 m - a potion of berserk rage {unknown}


   Skills:
 - Level 2.1 Fighting
 + Level 6.1 Crossbows
 - Level 1.7 Dodging
 - Level 1.2 Stealth


You had 4 spell levels left.
You didn't know any spells.
Your spell library contained the following spells:

 Spells                   Type           Power      Damage    Failure   Level
 Sting                    Tmut/Pois      0%         1d3       61%         1
 Poisonous Vapours        Pois/Air       0%         N/A       75%         2
 Lesser Beckoning         Tloc           0%         N/A       93%         3
 Olgreb's Toxic Radiance  Pois           0%         N/A       100%        4
 Manifold Assault         Tloc           0%         N/A       100%        5
 Blink                    Tloc           Unusable   N/A       N/A         2

Dungeon Overview and Level Annotations

Branches:
Dungeon (3/15)

Altars:


Innate Abilities, Weirdness & Mutations

You cannot be hasted, slowed, berserked, paralysed or teleported.
You can dig through walls and to a lower floor.
You have a pair of large antennae on your head. (SInv)
Your four strong arms can wield two-handed weapons with a shield.


Message History

There is a stone staircase leading down here.
Shoot: a) +1 hand crossbow
Press: ? - help, Q - select action, (/) - cycle Shift-Dir - straight line, f - gnoll
Aim: a gnoll, wielding a +0 flail (69% to hit)
You shoot a bolt.
The bolt hits the gnoll but does no damage.
The gnoll barely misses you.
Shoot: a) +1 hand crossbow
Press: ? - help, Q - select action, (/) - cycle Shift-Dir - straight line, f/p - gnoll
Aim: a gnoll, wielding a +0 flail (69% to hit)
You shoot a bolt. The bolt closely misses the gnoll.
The gnoll hits you with a +0 flail.
* * * LOW HITPOINT WARNING * * *
Shoot: a) +1 hand crossbow
Press: ? - help, Q - select action, (/) - cycle Shift-Dir - straight line, f/p - gnoll
Aim: a gnoll, wielding a +0 flail (69% to hit)
You shoot a bolt. The bolt hits the gnoll.
The gnoll is lightly wounded.
The gnoll completely misses you.
Shoot: a) +1 hand crossbow
Press: ? - help, Q - select action, (/) - cycle Shift-Dir - straight line, f/p - gnoll
Aim: a gnoll, wielding a +0 flail (lightly wounded, 69% to hit)
You shoot a bolt.
The bolt hits the gnoll but does no damage.
The gnoll is lightly wounded.
The gnoll closely misses you. The gnoll hits you with a +0 flail.
* * * LOW HITPOINT WARNING * * *
Shoot: a) +1 hand crossbow
Press: ? - help, Q - select action, (/) - cycle Shift-Dir - straight line, f/p - gnoll
Aim: a gnoll, wielding a +0 flail (lightly wounded, 69% to hit)
You shoot a bolt. The bolt barely misses the gnoll.
The gnoll hits you with a +0 flail.
* * * LOW HITPOINT WARNING * * *
Shoot: a) +1 hand crossbow
Press: ? - help, Q - select action, (/) - cycle Shift-Dir - straight line, f/p - gnoll
Aim: a gnoll, wielding a +0 flail (lightly wounded, 69% to hit)
You shoot a bolt. The bolt hits the gnoll!
The gnoll is severely wounded.
The gnoll hits you with a +0 flail.
You die...

...#...# #.....# #..######.#.
...#...# ##....# #.......#.#.
...#...# #....# #.......#.#.
...#...# ##...# #.......#.#.
..†'...# #...#####...........
..##...#######..............##...
..###'###........#####.#.##.##..<
..###.###.####.........#.##.##...
..##...........g@#####.#.##.##...
..##..###.####.÷## #.#.##.#.[..
..+.........##..######.#.##.#..#.
..##....#.#.##..#......#.##......
..###.#.#.#.##..#.######.##......
..........#.##..#.# #.##.#.##.
..#.#...........#.# #.##.#....
###.###.....##..#.######.##.#....
# #.# ########...................


You could see a gnoll.

Vanquished Creatures
  2 gnolls (D:3)
  2 adders
  A river rat (D:3)
  3 worms (D:2)
  2 dart slugs
  An orc (D:3)
  5 ball pythons
  4 bats
  5 endoplasms
  3 giant cockroaches
  5 goblins
  6 hobgoblins
  3 jackals (D:1)
  2 frilled lizards (D:1)
  2 kobolds (D:1)
  11 rats
57 creatures vanquished.

Notes
Turn   | Place    | Note
-------+----------+-------------------------------------------
     0 | D:1      | Dvallin the Formicid Hunter began the quest for the Orb.
     0 | D:1      | Reached XP level 1. HP: 16/16 MP: 1/1
   246 | D:1      | Reached XP level 2. HP: 22/22 MP: 2/2
   520 | D:1      | Reached XP level 3. HP: 27/27 MP: 3/3
   701 | D:1      | Found a faded altar of an unknown god.
   877 | D:1      | Reached skill level 5 in Crossbows
  1627 | D:2      | Reached XP level 4. HP: 33/33 MP: 4/4
  2202 | D:3      | Reached skill level 6 in Crossbows
  2202 | D:3      | Reached XP level 5. HP: 10/38 MP: 5/5
  2466 | D:2      | HP: 1/38 [gnoll/+0 flail (6)]
  2467 | D:2      | Slain by a gnoll

Illustrated notes

Levels and vault maps discovered:
D:1:      ncdulo_wetmaze, layout_loops_cross,
          hellmonk_ecumenical_altar_slurped_away, nrook_uturn, nrook_campfire
D:2:      layout_basic
D:3:      layout_rooms, portal_sewer_entry_a, roderic_roman_lattice,
          kennysheep_boxes

Skill      XL: |  1  2  3  4 |
---------------+-------------+-----
Crossbows      | 5 6 |  6.1
Fighting       | |  2.1
Dodging        | |  1.7
Stealth        | |  1.2

Action                   |  1- 3 |  4- 6 || total
-------------------------+-------+-------++-------
 Fire: Hand crossbow     |   117 |    76 ||   193
 Abil: Dig               |       |     1 ||     1
  Use: Scroll            |       |     5 ||     5
Armor: Ring mail         |    25 |    19 ||    44
Dodge: Dodged            |    38 |    49 ||    87

Table legend: (Time is in decaauts)
 A = Elapsed time spent in this place.
 B = Non-inter-level travel time spent in this place.
 C = Inter-level travel time spent in this place.
 D = Time resting spent in this place.
 E = Time spent auto-exploring this place.
 F = Levels seen in this place.
 G = Mean time per level.
                   A        B        C        D        E       F      G
               +--------+--------+--------+--------+--------+-----+--------+
         Total |   2548 |   2471 |     77 |    264 |   1624 |   3 |  849.3 |
       Dungeon |   2548 |   2471 |     77 |    264 |   1624 |   3 |  849.3 |
               +--------+--------+--------+--------+--------+-----+--------+

Top non-repeatable levels by time:
     D:2: 1313 daAuts
     D:1: 1114 daAuts
     D:3: 120 daAuts
